 Dungeon Crawl Stone Soup version 0.25-a0-167-g836c352ace (webtiles) character file.

Game seed: 9544547764979475731, levelgen mode: deterministic

34890 Flugkiller the Grappler (level 13, -3/137 HPs)
             Began as a Troll Fighter on Nov 25, 2019.
             Splashed by an acid blob's acid (8 damage)
             ... on level 1 of the Pits of Slime.
             The game lasted 00:17:29 (11755 turns).

Flugkiller the Grappler (Troll Fighter)            Turns: 11755, Time: 00:17:30

Health: -3/137     AC: -8    Str: 30    XL:     13   Next: 44%
Magic:  11/15      EV:  9    Int:  7    God:
Gold:   964        SH: 24    Dex: 15    Spells: 12/12 levels left

rFire    . . .     SeeInvis .     - Unarmed
rCold    . . .     Gourm    +   w - +5 large shield {reflect}
rNeg     . . .     Faith    .   a - +0 robe
rPois    .         Spirit   .   B - +0 hat
rElec    .         Reflect  +   H - scarf {repulsion}
rCorr    .         Harm     .   (gloves unavailable)
MR       .....                  (boots unavailable)
Stlth    +.........             f - amulet of regeneration
HPRegen  1.12/turn              C - ring "Rahoc" {Str+2 Int+4 Dex+4}
MPRegen  0.14/turn              r - +2 ring of protection

@: corroded, hasted, repel missiles, very quick
A: large, unfitting armour, claws 3, dopey 1, fast metabolism 3, gourmand,
regeneration 1, shaggy fur 1, tough skin 3
a: no special abilities


You were on level 1 of the Pits of Slime.
You were very hungry.

You visited 4 branches of the dungeon, and saw 16 of its levels.

You collected 964 gold pieces.

Inventory:

Missiles
 I - a throwing net (quivered)
Armour
 a - a +0 robe (worn)
 p - a +0 cloak
   (You found it on level 7 of the Dungeon)
 w - a +5 large shield of reflection (worn)
   (You acquired it on level 6 of the Dungeon)
 B - a +0 hat (worn)
   (You took it off Gastronok on level 8 of the Dungeon)
 H - a scarf of repulsion (worn)
   (You found it on level 8 of the Dungeon)
Magical Staves
 u - an uncursed staff of wizardry
   (You found it on level 7 of the Dungeon)
Jewellery
 f - an amulet of regeneration (around neck)
   (You found it on level 1 of the Dungeon)
 r - a +2 ring of protection (right claw)
   (You found it on level 1 of the Lair of Beasts)
 C - the ring "Rahoc" (left claw) {Str+2 Int+4 Dex+4}
   (You found it on level 6 of the Dungeon)

   [ring of strength]

   It affects your strength (+2).
   It affects your intelligence (+4).
   It affects your dexterity (+4).
 L - an uncursed ring of protection from fire
   (You found it on level 8 of the Dungeon)
 O - a +4 ring of intelligence
   (You found it on level 2 of the Lair of Beasts)
Wands
 q - a wand of acid (4)
   (You took it off an orc on level 8 of the Dungeon)
 x - a wand of iceblast (5)
   (You found it on level 4 of the Dungeon)
 y - a wand of polymorph (16)
   (You found it on level 5 of the Dungeon)
 E - a wand of flame (13)
   (You found it on level 5 of the Lair of Beasts)
 G - a wand of paralysis (8)
   (You found it on level 8 of the Dungeon)
Scrolls
 e - 3 scrolls of amnesia
 g - a scroll of fog
 h - 2 scrolls of magic mapping
 j - 4 scrolls of remove curse
 o - 7 scrolls of teleportation
 s - 2 scrolls of acquirement
 t - a scroll of immolation
 A - 3 scrolls of fear
 J - a scroll of enchant weapon {unknown}
 N - a scroll of noise {unknown}
Potions
 b - a potion of mutation
 c - 8 potions of might
 i - 2 potions of brilliance
 k - 10 potions of heal wounds
 l - a potion of haste
 m - 2 potions of berserk rage
 n - 2 potions of resistance
 v - 3 potions of curing
 z - 2 potions of agility
 D - 2 potions of invisibility
 F - a potion of flight
Miscellaneous
 P - a phial of floods
   (You found it on level 3 of the Lair of Beasts)
Comestibles
 d - 34 rations


   Skills:
 + Level 11.5 Fighting
 - Level 2.4 Dodging
 + Level 10.2 Shields
 + Level 13.9 Unarmed Combat
 - Level 4.0 Evocations


You had 12 spell levels left.
You didn't know any spells.
Your spell library contained the following spells:

 Spells                   Type           Power        Failure   Level  Hunger
 Confusing Touch          Hex            #.....       78%         1    ##.....
 Magic Dart               Conj           #...         78%         1    ##.....
 Blink                    Tloc           N/A          89%         2    ###....
 Call Imp                 Summ           #.......     89%         2    ###....
 Passwall                 Tmut/Erth      #.......     89%         2    ###....
 Slow                     Hex            #.......     89%         2    ###....
 Swiftness                Chrm/Air       #.......     89%         2    ###....
 Confuse                  Hex            #.......     98%         3    ####...
 Conjure Flame            Conj/Fire      #.......     98%         3    ####...
 Gell's Gravitas          Tloc           #.........   98%         3    ####...
 Mephitic Cloud           Conj/Pois/Air  #.......     98%         3    ####...
 Passage of Golubria      Tloc           N/A          100%        4    #####..
 Petrify                  Tmut/Erth      #.......     100%        4    #####..
 Lee's Rapid Deconstruct  Erth           #.........   100%        5    ######.
 Metabolic Englaciation   Hex/Ice        #.........   100%        5    ######.
 Yara's Violent Unravell  Hex/Tmut       #.........   100%        5    ######.
 Darkness                 Hex            #.........   100%        6    #######
 Invisibility             Hex            #.......     100%        6    #######


Dungeon Overview and Level Annotations

Branches:
Dungeon (8/15)             Temple (1/1) D:6            Lair (5/6) D:8
  Swamp (0/4) Lair:2        Snake (0/4) Lair:4        Slime (2/5) Lair:5

Altars:
Ashenzari
Hepliaklqana
Makhleb
Okawaru
Ru
Trog
Uskayaw
Xom
Yredelemnul
Zin

Shops:
D:4 :

Annotations:
Lair:3 3 runed translucent doors, Leeroy's ghost, journeyman DrCj
Lair:5 exclusion: 3 oklob plants


Innate Abilities, Weirdness & Mutations

You are too large for most types of armour.
You have claws for hands.
Your metabolism is lightning-fast.
You like to eat raw meat.
Your natural rate of healing is unusually fast.
You are covered in fur. (AC +1)
You have extremely tough skin. (AC +3)
You are dopey. (Int -2)


Message History

The acid blob spits acid at you. The splash of acid hits you!
The acid corrodes you!
You are splashed with acid!
You block the acid blob's attack.
You climb upwards.
You are feeling very hungry.
There is a stone staircase leading down here.
Unknown command.
Unknown command.
You scratch the acid blob but do no damage.
Your claws burn!
The acid blob spits acid at you. The splash of acid hits you!
You are splashed with acid!
You scratch the acid blob.
Your claws burn!
The acid blob is lightly wounded.
The acid blob spits acid at you. The splash of acid hits you!
The acid corrodes you!
You are splashed with acid!
* * * LOW HITPOINT WARNING * * *
You scratch the acid blob but do no damage.
Your claws burn!
* * * LOW HITPOINT WARNING * * *
The acid blob is lightly wounded.
The acid blob hits you!
* * * LOW HITPOINT WARNING * * *
You are splashed with acid!
* * * LOW HITPOINT WARNING * * *
You mangle the acid blob!!
Your claws burn!
* * * LOW HITPOINT WARNING * * *
The acid blob is moderately wounded.
The acid blob spits acid at you. The splash of acid hits you!
* * * LOW HITPOINT WARNING * * *
The acid corrodes you!
You are splashed with acid!
* * * LOW HITPOINT WARNING * * *
Unknown command.
Okay, then.
Unknown command.
Enter note: Why can't jiyva altar always spawn in lair......................
Enter note: fuck this dumb god
Enter note:
Okay, then.
You feel much better. The acid blob spits acid at you.
The splash of acid hits you!
* * * LOW HITPOINT WARNING * * *
The acid corrodes you!
You are splashed with acid!
* * * LOW HITPOINT WARNING * * *
You feel yourself speed up. The acid blob hits you.
* * * LOW HITPOINT WARNING * * *
You are splashed with acid!
You die...

##.#.#......
#...#......
##........##.
####............
##.#.............
#................
#.......<........
##...#...........#
#......@J.........
##................
##...............
#..............#.
.................
........#.#.#....
........##...#..
##....... ..##


You could see an acid blob.

Vanquished Creatures
  2 acid blobs (Lair:5)
  Gastronok (D:8)
  A great orb of eyes (Lair:5)
  4 hydras
  2 two-headed ogres
  4 death yaks (Lair:5)
  A fire crab (Lair:4)
  A shining eye (Slime:1)
  4 elephants (Lair:2)
  4 black mambas
  A guardian serpent (Lair:4)
  5 spiny frogs
  2 rime drakes
  2 komodo dragons
  Grinder (D:3)
  A polar bear (Lair:5)
  17 blink frogs
  2 dream sheep (D:7)
  2 bog bodies (Lair:2)
  3 slime creatures
  2 hippogriffs
  22 yaks
  2 wyverns (Lair:5)
  A hungry ghost (D:7)
  A naga (D:7)
  6 water moccasins
  15 porcupines
  2 black bears
  2 sky beasts (D:5)
  2 orc warriors
  An eye of draining (Slime:1)
  9 wolves
  3 phantoms
  4 ogres
  9 crocodiles
  3 big kobolds
  10 bullfrogs
  4 scorpions
  A killer bee (Lair:4)
  5 wights
  An electric eel (Lair:1)
  5 howler monkeys
  3 crimson imps
  A quasit (D:6)
  2 bullfrog zombies
  3 hounds
  2 jellies (D:7)
  3 bullfrog skeletons
  A gnoll shaman (D:7)
  3 orc priests
  An orc wizard (D:8)
  2 iguanas
  4 worker ants
  2 hound skeletons (D:4)
  Robin (D:3)
  3 gnolls (D:7)
  12 adders
  A shadow imp (D:6)
  An ooze (D:4)
  An adder zombie (D:5)
  2 adder skeletons
  6 worms
  5 dart slugs
  5 leopard geckos
  16 orcs
  9 bats
  5 giant cockroaches
  12 goblins
  6 hobgoblins
  2 ball pythons
  4 frilled lizards
  6 kobolds (D:1)
  A quokka skeleton (D:5)
  12 rats
  A fungus (Lair:5)
308 creatures vanquished.

Vanquished Creatures (others)
  Joseph (D:8)
  2 centaurs (D:7)
  9 fungi
  2 plants (Lair:5)
14 creatures vanquished.

Grand Total: 322 creatures vanquished

Notes
Turn   | Place    | Note
-------+----------+-------------------------------------------
     0 | D:1      | Flugkiller the Troll Fighter began the quest for the Orb.
     0 | D:1      | Reached XP level 1. HP: 22/22 MP: 0/0
   111 | D:1      | Reached XP level 2. HP: 29/29 MP: 1/1
   279 | D:1      | Reached skill level 3 in Unarmed Combat
   355 | D:1      | Found a shimmering altar of Xom.
   463 | D:1      | Reached XP level 3. HP: 35/36 MP: 2/2
   806 | D:2      | Reached skill level 4 in Unarmed Combat
  1126 | D:2      | Found a basalt altar of Yredelemnul.
  1126 | D:2      | Found an iron altar of Okawaru.
  1127 | D:2      | Found a bloodstained altar of Trog.
  1205 | D:2      | Reached XP level 4. HP: 43/44 MP: 3/3
  1372 | D:3      | Reached skill level 5 in Unarmed Combat
  1583 | D:3      | Noticed Robin
  1597 | D:3      | Reached XP level 5. HP: 41/50 MP: 4/4
  1623 | D:3      | Killed Robin
  1911 | D:3      | Noticed Grinder
  1913 | D:3      | Paralysed by Grinder for 2 turns
  1931 | D:3      | Killed Grinder
  1931 | D:3      | Reached skill level 6 in Unarmed Combat
  1931 | D:3      | Reached XP level 6. HP: 39/62 MP: 5/5
  2348 | D:4      | Found a sacrificial altar of Ru.
  2396 | D:4      | Found Kum Una's Book Boutique.
  2445 | D:4      | Reached XP level 7. HP: 70/70 MP: 6/6
  2938 | D:5      | Entered Level 5 of the Dungeon
  2968 | D:5      | Reached skill level 7 in Unarmed Combat
  3148 | D:5      | Reached skill level 5 in Fighting
  3309 | D:5      | Found a basalt altar of Yredelemnul.
  3410 | D:5      | Found a hazy altar of Hepliaklqana.
  3511 | D:5      | Found a burning altar of Makhleb.
  3518 | D:5      | Reached XP level 8. HP: 78/80 MP: 7/7
  3694 | D:6      | Got a translucent platinum ring
  3706 | D:6      | Found a staircase to the Ecumenical Temple.
  3707 | D:6      | Identified the ring "Rahoc" {Str+2 Int+4 Dex+4} (You found
                  | it on level 6 of the Dungeon)
  3717 | Temple   | Entered the Ecumenical Temple
  3771 | D:6      | Reached skill level 8 in Unarmed Combat
  3957 | D:6      | Identified 3 scrolls of acquirement
  4322 | D:7      | Reached skill level 9 in Unarmed Combat
  4327 | D:7      | Reached XP level 9. HP: 80/92 MP: 8/8
  4833 | D:8      | Noticed Maurice
  4851 | D:8      | Noticed Joseph
  5085 | D:8      | Noticed Gastronok
  5133 | D:7      | Noticed Maurice
  5133 | D:7      | Maurice changed into Maurice the naga
  5138 | D:7      | Killed Maurice the naga
  5148 | D:8      | Killed Joseph
  5148 | D:8      | Reached skill level 5 in Shields
  5148 | D:8      | Reached skill level 10 in Unarmed Combat
  5154 | D:8      | Noticed a two-headed ogre
  5190 | D:7      | Killed a two-headed ogre
  5190 | D:7      | Reached XP level 10. HP: 84/104 MP: 9/9
  5448 | D:8      | Killed Gastronok
  5458 | D:8      | Noticed a two-headed ogre
  5545 | D:8      | Killed a two-headed ogre
  5545 | D:8      | Reached skill level 11 in Unarmed Combat
  5572 | D:8      | Noticed a three-headed hydra
  5682 | D:8      | Killed a four-headed hydra
  5682 | D:8      | Reached XP level 11. HP: 115/115 MP: 10/10
  5736 | D:8      | Found a staircase to the Lair.
  5739 | D:8      | Found a shattered altar of Ashenzari.
  5783 | D:8      | Found a shimmering altar of Xom.
  5889 | D:8      | Found a sacrificial altar of Ru.
  6225 | Lair:1   | Entered Level 1 of the Lair of Beasts
  6519 | Lair:1   | Reached skill level 1 in Evocations
  6547 | Lair:1   | Noticed a six-headed hydra
  6550 | Lair:1   | Killed a six-headed hydra
  7249 | Lair:2   | Reached skill level 12 in Unarmed Combat
  7484 | Lair:2   | Found a staircase to the Swamp.
  7545 | Lair:2   | Reached XP level 12. HP: 105/126 MP: 13/13
  7660 | Lair:2   | Reached skill level 10 in Fighting
  8100 | Lair:3   | Found a runed translucent gate.
  8101 | Lair:3   | Found a runed translucent gate.
  8103 | Lair:3   | Found a runed translucent gate.
  8103 | Lair:3   | Noticed Leeroy's ghost (journeyman DrCj)
  8924 | Lair:4   | Found a staircase to the Snake Pit.
  8929 | Lair:4   | Noticed a six-headed hydra
  8933 | Lair:4   | Killed a six-headed hydra
  9496 | Lair:4   | Noticed a six-headed hydra
  9559 | Lair:4   | Killed a six-headed hydra
  9559 | Lair:4   | Reached skill level 13 in Unarmed Combat
 10253 | Lair:5   | Noticed a death yak
 10256 | Lair:5   | Noticed a death yak
 10269 | Lair:5   | Noticed a death yak
 10273 | Lair:5   | Killed a death yak
 10278 | Lair:5   | Noticed a death yak
 10281 | Lair:5   | Killed a death yak
 10291 | Lair:5   | Killed a death yak
 10291 | Lair:5   | Reached XP level 13. HP: 87/137 MP: 15/15
 10376 | Lair:5   | Found a staircase to the Slime Pits.
 11431 | Slime:1  | Entered Level 1 of the Pits of Slime
 11431 | Slime:1  | Noticed an acid blob
 11431 | Slime:1  | Noticed an acid blob
 11440 | Lair:5   | Killed an acid blob
 11440 | Lair:5   | Reached skill level 10 in Shields
 11508 | Slime:1  | Gained mutation: You are dopey. (Int -2) [a shining eye]
 11629 | Lair:5   | Killed an acid blob
 11744 | Slime:2  | Noticed an acid blob
 11744 | Slime:2  | Noticed an acid blob
 11754 | Slime:1  | Why can't jiyva altar always spawn in
                  | lair......................
 11754 | Slime:1  | fuck this dumb god
 11755 | Slime:1  | HP: 5/137 [acid blob (4)]
 11755 | Slime:1  | Splashed by an acid blob's acid

Levels and vault maps discovered:
D:1:      dpeg_arrival_rooms_with_view, layout_loops_ring, minivault_25,
          xom_teletrap_fun
D:2:      layout_loops_ring, gammafunk_temple_overflow_claw, minivault_23
D:3:      layout_loops_corners, uniq_grinder, uniq_robin
D:4:      layout_loops_cross, serial_shops, nicolae_shop_window_shopping,
          hangedman_ru_absence
D:5:      layout_gridville, makhleb_heckhound_becter, kennysheep_little_box,
          first_ration, basic_altar
D:6:      layout_basic, minmay_temple_entry_poolview, hangedman_glass_teeth
D:7:      layout_cave_pools
D:8:      layout_cave_pools, nicolae_overflow_hidden_temple,
          lemuel_coloured_pillars_altar, ashenzari_altar_1, lair_entry_dummy,
          hangedman_ranch [blue_anna_fruit_fields], uniq_maurice,
          uniq_gastronok, uniq_joseph
Temple:   dpeg_chambers_temple
Lair:1:   layout_cave_pods, st_stairs_6, grunt_megastairs_1,
          infiniplex_staircase_pool
Lair:2:   layout_roguey, skrybe_swamp_entry_bodies,
          chequers_serial_rivers_small_a
Lair:3:   layout_gridlike, ebering_ghost_rock_garden, beast_lair_carwin_9,
          lemuel_fruit_fields, serial_bayou_shore_a
Lair:4:   layout_gridlike, minmay_snake_entry_spellcaster
Lair:5:   layout_small_grid, slime_dummy, beast_lair_carwin_10,
          grunt_megastairs_2, lemuel_fruit_fields, minmay_lair_oklob_chamber,
          lemuel_fruit_tree
Slime:1:  layout_caves
Slime:2:  layout_caves

Skill      XL: |  1  2  3  4  5  6  7  8  9 10 11 12 13 |
---------------+----------------------------------------+-----
Unarmed Combat | 3 4 5 6 7 9 10 11 12 13 | 13.9
Fighting       | 3 4 5 6 7 9 11 | 11.5
Shields        | 3 5 7 8 9 10 | 10.2
Evocations     | 3 4 |  4.0
Dodging        | |  2.4

Action                   |  1- 3 |  4- 6 |  7- 9 | 10-12 | 13-15 || total
-------------------------+-------+-------+-------+-------+-------++-------
Melee: Unarmed           |    93 |   146 |   257 |   528 |    91 ||  1115
Evoke: Wand              |       |       |     3 |    14 |     1 ||    18
  Use: Scroll            |       |       |    14 |    16 |     3 ||    33
       Potion            |       |       |       |       |     2 ||     2
 Stab: Sleeping          |     3 |       |     1 |     1 |     1 ||     6
  Eat: Chunk             |    16 |    12 |    28 |    48 |     4 ||   108
Armor: Robe              |    33 |    47 |    51 |    58 |     3 ||   192
Dodge: Dodged            |    23 |    41 |    63 |    71 |     6 ||   204
       Deflected         |       |       |       |       |     1 ||     1
Block: Shield            |    35 |    52 |    49 |       |       ||   136
       Large shield      |       |       |   118 |   548 |    67 ||   733
       Reflection        |       |       |    16 |     6 |       ||    22

Table legend:
 A = Non-vault XP
 B = Vault XP
 C = Vault XP percentage of total XP
 D = Non-vault monster count
 E = Vault monster count
 F = Vault count percentage of total count
                 A         B        C        D         E       F
            +---------+---------+-------+---------+---------+-------
      Total |   36866 |   12977 |  26.0 |     257 |      53 |  17.1
            +---------+---------+-------+---------+---------+-------
        D:1 |      42 |       2 |   4.5 |      23 |       2 |   8.0
        D:2 |      76 |       0 |   0.0 |       9 |       0 |   0.0
        D:3 |     193 |     334 |  63.4 |      27 |      14 |  34.1
        D:4 |     295 |       0 |   0.0 |      17 |       0 |   0.0
        D:5 |     589 |      40 |   6.4 |      16 |       1 |   5.9
        D:6 |     971 |       0 |   0.0 |      17 |       0 |   0.0
        D:7 |    2915 |    1266 |  30.3 |      32 |       7 |  17.9
        D:8 |    1491 |    3578 |  70.6 |      15 |       4 |  21.1
     Lair:1 |    2495 |     559 |  18.3 |      13 |       3 |  18.8
     Lair:2 |    7457 |     503 |   6.3 |      33 |       2 |   5.7
     Lair:3 |    4144 |    1136 |  21.5 |      15 |       5 |  25.0
     Lair:4 |    5007 |     427 |   7.9 |      15 |       1 |   6.2
     Lair:5 |    9932 |    5132 |  34.1 |      21 |      14 |  40.0
    Slime:1 |    1259 |       0 |   0.0 |       4 |       0 |   0.0
            +---------+---------+-------+---------+---------+-------
